 Dungeon Crawl Stone Soup version 0.31-a0-339-gda1cbd555d (webtiles) character file.

Game seed: 17770907095084589948

1994 Bnni the Insei (level 9, -9/59 HPs)
             Began as an Octopode Shapeshifter on July 20, 2023.
             Was an Initiate of Gozag.
             Killed from afar by Dowan (25 damage)
             ... with a shard of ice
             ... on level 7 of the Dungeon.
             The game lasted 00:20:07 (6165 turns).

Bnni the Insei (Octopode Shapeshifter)              Turns: 6165, Time: 00:20:07

Health: -9/59      AC:  1    Str: 15    XL:     9   Next: 21%
Magic:  9/9        EV: 19    Int: 10    God:    Gozag
Gold:   563        SH: 10    Dex: 16    Spells: 8/8 levels left

rFire   . .          .
                       - Unarmed
rCold   . . .        w - +0 kite shield
rNeg    . . .        (helmet currently unavailable)
rPois   .            o - amulet of magic regeneration
rElec   .            t - +5 ring of evasion
rCorr   .            (no ring)
SInv    .            (no ring)
Will    .....        (no ring)
Stlth   ++           (no ring)
HPRegen 0.29/turn    (no ring)
MPRegen 0.51/turn    (no ring)
                     (no ring)

%: no passive effects
@: beast-form, gold aura
A: beast (slay +3), almost no armour, amphibious, 8 rings, camouflage 1,
gelatinous body 1, (nimble swimmer 1), tentacles
a: Begin Untransformation, Renounce Religion, Potion Petition, Call Merchant,
Bribe Branch


You were on level 7 of the Dungeon.
You worshipped Gozag.
Gozag was pleased with you.
You were a hulking beast.
You visited 2 branches of the dungeon, and saw 8 of its levels.

You collected 668 gold pieces.
You paid 105 gold pieces to Gozag.

Inventory:

Hand Weapons
 f - a +2 dagger of venom
Missiles
 q - 6 poisoned darts
 v - 2 throwing nets
Armour
 w - a +0 kite shield (worn)
Jewellery
 d - a ring of ice
 o - an amulet of magic regeneration (around mantle)
 t - a +5 ring of evasion (left tentacle)
Talismans
 b - a beast talisman
Wands
 p - a wand of charming (1)
 y - a wand of polymorph (6)
Scrolls
 g - a scroll of butterflies {unknown}
 i - a scroll of revelation {unknown}
 k - 2 scrolls of enchant weapon {unknown}
 l - 5 scrolls of teleportation {unknown}
 n - 5 scrolls of enchant armour {unknown}
 r - a scroll of amnesia {unknown}
 s - a scroll of acquirement {unknown}
 u - a scroll of blinking {unknown}
 x - 2 scrolls of poison {unknown}
Potions
 a - 4 potions of lignification
 c - a potion of enlightenment {unknown}
 e - 3 potions of might
 h - a potion of heal wounds
 j - 4 potions of curing
 m - a potion of mutation {unknown}
 z - a potion of attraction {unknown}
 A - a potion of magic {unknown}


   Skills:
 + Level 4.7 Fighting
 + Level 5.1 Dodging
 * Level 4.7 Shields
 * Level 7.4 Unarmed Combat
 + Level 4.9 Shapeshifting


You had 8 spell levels left.
You didn't know any spells.
Your spell library contained the following spells:

 Spells                   Type           Power      Damage    Failure   Level
 Blink                    Tloc           0%         N/A       86%         2
 Lesser Beckoning         Tloc           0%         N/A       86%         2
 Momentum Strike          Conj/Tloc      0%         3d8       86%         2
 Gell's Gravitas          Tloc           0%         N/A       97%         3
 Teleport Other           Tloc           0%         N/A       97%         3


Dungeon Overview and Level Annotations

Branches:
Dungeon (7/15)             Temple (1/1) D:5

Altars:
Ashenzari
Cheibriados
Dithmenos
Elyvilon
Gozag
Hepliaklqana
Makhleb
Nemelex Xobeh
Qazlal
Ru
Sif Muna
Trog
Uskayaw
Vehumet
Wu Jian
Xom
Yredelemnul
Zin

Annotations:
D:7 Dowan


Innate Abilities, Weirdness & Mutations

You are a hulking beast.
Your limbs bulge with bestial killing power. (Slay +3)
You cannot wear most types of armour.
You are amphibious.
You can wear up to eight rings at the same time.
Your skin changes colour to match your surroundings (Stealth+).
Your rubbery body absorbs attacks. (AC +1, EV +1)
((You are camouflaged when in or above water. (Stealth+)))
You have tentacles for arms and can constrict up to eight enemies at once.


Message History

Throw: 8 darts (poison)
Press: ? - help, Shift-Dir - straight line, f/p - Dowan
Aim: Dowan, wielding a +0 dagger, wearing a +0 robe and carrying a wand of polymorph (54% to hit)
You throw a poisoned dart.
The poisoned dart barely misses Duvessa.
The poisoned dart hits Dowan.
Dowan is poisoned.
Throw: 7 darts (poison)
Press: ? - help, Shift-Dir - straight line, f/p - Dowan
Aim: Dowan, wielding a +0 dagger, wearing a +0 robe and carrying a wand of polymorph (lightly wounded, poisoned, 53% to hit)
You throw a poisoned dart.
The poisoned dart closely misses Duvessa.
The poisoned dart completely misses Dowan.
Duvessa hits you with a +2 rapier of flaming!
Duvessa burns you.
You bludgeon Duvessa! You grab Duvessa. You squeeze Duvessa.
Duvessa is moderately wounded.
You constrict Duvessa. Duvessa completely misses you.
Okay, then.
You tentacle-slap Duvessa. You tentacle-slap Duvessa!
Duvessa is severely wounded.
You constrict Duvessa.
Duvessa hits you with a +2 rapier of flaming!
Duvessa burns you.
You barely miss Duvessa. Your squeeze misses Duvessa.
Duvessa is severely wounded.
You constrict Duvessa. You block Duvessa's attack.
You tentacle-slap Duvessa.
Duvessa is almost dead.
You constrict Duvessa. Duvessa closely misses you.
You tentacle-slap Duvessa.
You kill Duvessa!
Dowan's eyes darken. "You have made a grave mistake."
Dowan seems to find hidden reserves of power!
Dowan casts a spell at you. The stone arrow hits you!!
* * * LOW HITPOINT WARNING * * *
Dowan gestures at you while chanting. The shard of ice hits you!!
You die...
Your body crumbles into a pile of gold.

#. ### .. ## #(( . .. #.# #. #.
#..# #(# #.# #> #####..#### #(#
##..[##. #...... ..# #e# #.# #.#<
#.#.#.# #.# #$# #.# #... #.#.#.#
#.####h# #.###.#.
###.....###.#....# #....##.
............#.############.#.###.
#..........................# ##
#.#.#####...############...#
###<..........# #...####
....)...#.##.... #.......
#####.#...##.#### #.###..####
#.##.###.# #......####


You could see Dowan (fast, poisoned).

Vanquished Creatures
  A water moccasin (D:5)
  Duvessa (D:7)
  An orc warrior (D:7)
  3 black bears
  2 ogres (D:6)
  3 centaurs
  A phantom (D:6)
  A bullfrog (D:7)
  2 scorpions
  A wight (D:4)
  4 hounds
  3 orc priests (D:7)
  A gnoll bouda (D:7)
  A jelly (D:4)
  A sleepcap (D:6)
  5 iguanas
  Robin (D:4)
  5 gnolls
  13 adders
  2 shadow imps (D:6)
  An ufetubus (D:5)
  5 worms
  3 dart slugs
  6 orcs
  3 ball pythons
  8 bats
  7 endoplasms
  5 giant cockroaches
  14 goblins
  14 hobgoblins
  9 jackals
  5 quokkas
  4 frilled lizards (D:3)
  5 kobolds
  6 rats
147 creatures vanquished.

Vanquished Creatures (collateral kills)
  2 gnolls (D:5)
2 creatures vanquished.

Vanquished Creatures (others)
  A gnoll sergeant (D:5)
  An iguana (D:5)
2 creatures vanquished.

Grand Total: 151 creatures vanquished

Notes
Turn   | Place    | Note
-------+----------+-------------------------------------------
     0 | D:1      | Bnni the Octopode Shapeshifter began the quest for the Orb.
     0 | D:1      | Reached XP level 1. HP: 13/13 MP: 1/1
   141 | D:1      | Reached XP level 2. HP: 18/18 MP: 2/2
   573 | D:1      | Reached XP level 3. HP: 23/23 MP: 3/3
   919 | D:2      | HP: 1/23 [iguana (5)]
   921 | D:2      | Reached XP level 4. HP: 1/29 MP: 4/4
  1190 | D:2      | Reached skill level 4 in Unarmed Combat
  1786 | D:3      | Reached XP level 5. HP: 34/34 MP: 5/5
  1911 | D:3      | Found a hide-covered altar of Uskayaw.
  2576 | D:3      | Noticed a centaur
  2585 | D:3      | Killed a centaur
  2586 | D:3      | Reached XP level 6. HP: 25/41 MP: 6/6
  2974 | D:4      | Reached skill level 5 in Unarmed Combat
  3169 | D:4      | Noticed Robin
  3192 | D:4      | Killed Robin
  3549 | D:4      | Reached XP level 7. HP: 46/46 MP: 7/7
  3645 | D:5      | Entered Level 5 of the Dungeon
  3678 | D:5      | Found a sacrificial altar of Ru.
  3687 | D:5      | Reached skill level 1 in Shields
  4128 | D:5      | Reached skill level 6 in Unarmed Combat
  4212 | D:5      | Reached XP level 8. HP: 33/54 MP: 8/8
  4502 | D:5      | Found a staircase to the Ecumenical Temple.
  4513 | Temple   | Entered the Ecumenical Temple
  4530 | Temple   | Became a worshipper of Gozag Ym Sagoz the Greedy
  5395 | D:6      | Found a stormy altar of Qazlal.
  5774 | D:7      | Reached skill level 7 in Unarmed Combat
  5785 | D:7      | Reached XP level 9. HP: 51/59 MP: 9/9
  5844 | D:7      | Reached skill level 5 in Dodging
  6154 | D:7      | Noticed Duvessa
  6154 | D:7      | Noticed Dowan
  6165 | D:7      | Killed Duvessa
  6165 | D:7      | Killed from afar by Dowan

Illustrated notes

Levels and vault maps discovered:
D:1:      saegor_arrival_simple_c, layout_loops_ring
D:2:      layout_loops_corners, hangedman_decor_lopped,
          kennysheep_generic_room_10
D:3:      minmay_razor_zed, layout_loops_ring, lemuel_crystal_altar
D:4:      kennysheep_goblin_castle, layout_basic
D:5:      layout_gridville, mainiacjoe_overflow_surrounded_room,
          minmay_temple_entry_wispy, chequers_decorated_corner
D:6:      layout_loops_ring, nicolae_qazlal_eye_of_the_storm
D:7:      layout_loops_ring, chequers_temple_overflow_minitemple, serial_shops,
          nicolae_shop_hallway_plus, corexii_corridor_pit, uniq_duvessa,
          uniq_joseph
Temple:   nicolae_temple_bog_church

Skill      XL: |  1  2  3  4  5  6  7  8  9 |
---------------+----------------------------+-----
Fighting       | 2 3 4 |  4.7
Unarmed Combat | 4 5 6 7 |  7.4
Dodging        | 3 4 5 |  5.1
Shapeshifting  | 4 |  4.9
Shields        | 2 4 |  4.7

Action                     |  1- 3 |  4- 6 |  7- 9 || total
---------------------------+-------+-------+-------++-------
  Melee: Unarmed           |    19 |   110 |   120 ||   249
         Constrict         |    12 |    34 |    35 ||    81
         Tentacles         |     8 |    15 |    23 ||    46
         Dagger            |    30 |    34 |       ||    64
         Punch             |     2 |     6 |    11 ||    19
  Throw: Dart              |       |       |    15 ||    15
  Evoke: Wand              |       |       |     5 ||     5
    Use: Scroll            |       |     4 |     1 ||     5
         Potion            |       |       |     1 ||     1
   Stab: Sleeping          |     8 |    19 |     9 ||    36
         Distracted        |       |     1 |       ||     1
 Armour: Skin              |     3 |     3 |       ||     6
  Dodge: Dodged            |    17 |    85 |    66 ||   168
  Block: Kite shield       |       |       |    54 ||    54

Table legend: (Time is in decaauts)
 A = Elapsed time spent in this place.
 B = Non-inter-level travel time spent in this place.
 C = Inter-level travel time spent in this place.
 D = Time resting spent in this place.
 E = Time spent auto-exploring this place.
 F = Levels seen in this place.
 G = Mean time per level.
                   A        B        C        D        E       F      G
               +--------+--------+--------+--------+--------+-----+--------+
         Total |   6159 |   5946 |    213 |    255 |   4703 |   8 |  769.9 |
       Dungeon |   6125 |   5928 |    197 |    255 |   4703 |   7 |  875.0 |
        Temple |     34 |     18 |     16 |      0 |      0 |   1 |   34.0 |
               +--------+--------+--------+--------+--------+-----+--------+

Top non-repeatable levels by time:
     D:3: 1055 daAuts
     D:6: 1034 daAuts
     D:2: 1031 daAuts
     D:5: 1025 daAuts
     D:4: 842 daAuts
     D:1: 702 daAuts
     D:7: 433 daAuts
  Temple: 34 daAuts
